 Dungeon Crawl Stone Soup version 0.27-a0-1136-g0b992a5a9d (webtiles) character file.

Game seed: 11640887284215778066

2104 leviel the Cleaver (level 9, -3/78 HPs)
             Began as a Minotaur Berserker on May 5, 2021.
             Was an Elder of Trog.
             Slain by a wyvern (13 damage)
             ... on level 8 of the Dungeon.
             The game lasted 00:07:14 (5774 turns).

leviel the Cleaver (Minotaur Berserker)             Turns: 5774, Time: 00:07:14

Health: -3/78      AC: 10    Str: 25    XL:     9   Next: 7%
Magic:  8/8        EV: 11    Int:  4    God:    Trog [****..]
Gold:   199        SH:  0    Dex: 10    Spells: 8/8 levels left

rFire    . . .     SeeInvis .   u - +2 war axe
rCold    . . .     Faith    .   (no shield)
rNeg     . . .     Spirit   .   k - +0 scale mail
rPois    .         Reflect  .   (helmet restricted)
rElec    .         Harm     .   (no cloak)
rCorr    .         Rampage  .   e - +2 pair of gloves
Will     .....                  (no boots)
Stlth    ..........             i - amulet of regeneration
HPRegen  1.23/turn              (no ring)
MPRegen  0.11/turn              (no ring)

@: hasted, very quick
A: horns 2, retaliatory headbutt
a: Renounce Religion, Berserk, Trog's Hand, Brothers in Arms


You were on level 8 of the Dungeon.
You worshipped Trog.
Trog was greatly pleased with you.
You visited 1 branch of the dungeon, and saw 8 of its levels.

You collected 394 gold pieces.
You spent 195 gold pieces at shops.

Inventory:

Hand Weapons
 u - a +2 war axe (weapon)
Missiles
 g - a throwing net
 o - 5 boomerangs of dispersal
Armour
 e - a +2 pair of gloves (worn)
 k - a +0 scale mail (worn)
Jewellery
 i - an amulet of regeneration (around neck)
Wands
 p - a wand of iceblast (9) (quivered)
 q - a wand of polymorph (10)
Scrolls
 c - 4 scrolls of teleportation {unknown}
 d - a scroll of magic mapping
 j - 3 scrolls of identify
 n - a scroll of amnesia {unknown}
 s - a scroll of fear {unknown}
Potions
 a - a potion of invisibility {unknown}
 b - 2 potions of berserk rage
 f - a potion of lignification
 h - 4 potions of might
 m - 2 potions of curing
 r - 2 potions of cancellation {unknown}
 t - a potion of resistance


   Skills:
 + Level 6.9 Fighting
 * Level 10.7 Axes
 + Level 6.3 Armour
 + Level 4.6 Dodging
 + Level 1.3 Stealth
 + Level 1.2 Evocations


You had 8 spell levels left.
You didn't know any spells.
Your spell library was empty.

Dungeon Overview and Level Annotations

Branches:
Dungeon (8/15)             Temple (0/1) D:5
   Lair: D:8-11

Altars:
Hepliaklqana
Okawaru
Vehumet
Wu Jian

Shops:
D:5 !   D:6 *   D:7 *


Innate Abilities, Weirdness & Mutations

You have a pair of horns on your head.
You reflexively headbutt those who attack you in melee.


Message History

You feel sick. The water moccasin closely misses you. The yak gores you!
You feel sick. The wyvern bites you.
You feel sick. The wyvern bites you.
The wyvern bites you but does no damage.
You feel sick.
You feel sick.
The wyvern bites you but does no damage.
You feel sick.
You are no longer poisoned.
The wyvern bites you!
You slash the wyvern!
The wyvern is moderately wounded.
The wyvern bites you!
* * * LOW HITPOINT WARNING * * *
The wyvern bites you.
* * * LOW HITPOINT WARNING * * *
You closely miss the wyvern. Your headbutt misses the wyvern.
The wyvern is moderately wounded.
You closely miss the wyvern. The wyvern bites you!
* * * LOW HITPOINT WARNING * * *
The wyvern closely misses you. You furiously retaliate!
You headbutt the wyvern!
The wyvern bites you but does no damage.
Okay, then.
You feel better. The wyvern closely misses you. x2
The wyvern barely misses you.
You feel better.
The wyvern bites you but does no damage.
The wyvern misses you. The wyvern barely misses you.
You feel better. The wyvern bites you!
* * * LOW HITPOINT WARNING * * *
The wyvern bites you but does no damage.
The wyvern bites you.
* * * LOW HITPOINT WARNING * * *
The yak bellows!
You feel yourself speed up. The wyvern closely misses you.
The wyvern bites you but does no damage.
The yak snorts and paws the ground.
The wyvern bites you!
You die...

##### #...# #...#
#...# ###Y..#
#@lYY.# .. #l#SY.#
.[.. .##..##z##
##....
...##..###......
..#.##.##...#...$
####...Y........<.
#...S.Y........
#.#...Y........
...#...>.z..#...


You could see 4 yaks, a water moccasin, 2 wyverns and a wight.

Vanquished Creatures
  A steam dragon (D:7)
  Menkaure (D:7)
  A water moccasin (D:7)
  A sky beast (D:5)
  2 black bears
  A centaur (D:7)
  An ogre (D:5)
  A bullfrog (D:7)
  A scorpion (D:6)
  A water moccasin zombie (D:5)
  8 wights (D:7)
  A howler monkey (D:5)
  2 hounds
  A centaur zombie (D:6)
  4 orc priests
  2 bullfrog skeletons
  4 iguanas
  3 orc wizards
  A scorpion zombie (D:5)
  A killer bee zombie (D:6)
  A hound skeleton (D:5)
  14 gnolls
  3 adders
  A white imp (D:5)
  An adder skeleton (D:4)
  31 orcs
  4 ball pythons
  8 endoplasms
  2 giant cockroaches (D:1)
  7 hobgoblins
  6 jackals
  2 quokkas
  4 bats
  4 goblins
  6 kobolds
  3 rats
135 creatures vanquished.

Vanquished Creatures (others)
  A fungus (D:8)
  10 plants
11 creatures vanquished.

Grand Total: 146 creatures vanquished

Notes
Turn   | Place    | Note
-------+----------+-------------------------------------------
     0 | D:1      | leviel the Minotaur Berserker began the quest for the Orb.
     0 | D:1      | Reached XP level 1. HP: 19/19 MP: 0/0
   284 | D:1      | Reached XP level 2. HP: 20/27 MP: 1/1
   293 | D:1      | Reached skill level 4 in Axes
   812 | D:1      | Reached XP level 3. HP: 34/34 MP: 2/2
  1073 | D:2      | You fall into a shaft and drop 1 floor!
  1101 | D:3      | Reached ** piety under Trog
  1112 | D:3      | Reached XP level 4. HP: 6/41 MP: 3/3
  1820 | D:3      | Found a radiant altar of Vehumet.
  1820 | D:3      | Found a hazy altar of Hepliaklqana.
  1823 | D:3      | Found an iron altar of Okawaru.
  1830 | D:3      | Reached XP level 5. HP: 20/47 MP: 4/4
  2211 | D:4      | Reached skill level 5 in Axes
  2270 | D:4      | Reached skill level 5 in Fighting
  2360 | D:4      | Reached XP level 6. HP: 56/56 MP: 5/5
  2361 | D:4      | Reached *** piety under Trog
  2400 | D:4      | Reached skill level 6 in Axes
  2959 | D:5      | Entered Level 5 of the Dungeon
  2960 | D:5      | Found a staircase to the Ecumenical Temple.
  3017 | D:5      | Reached XP level 7. HP: 61/61 MP: 6/6
  3365 | D:5      | Reached skill level 7 in Axes
  3391 | D:5      | Found Ranaklaj's Distillery.
  3397 | D:5      | Bought a potion of degeneration for 12 gold pieces
  3397 | D:5      | Bought a potion of might for 48 gold pieces
  3397 | D:5      | Bought a potion of curing for 36 gold pieces
  3397 | D:5      | Bought a potion of curing for 36 gold pieces
  3397 | D:5      | Bought a potion of curing for 36 gold pieces
  3821 | D:5      | Reached skill level 5 in Armour
  4101 | D:5      | Reached skill level 8 in Axes
  4103 | D:5      | Found an ornate altar of the Wu Jian Council.
  4253 | D:6      | Reached **** piety under Trog
  4329 | D:6      | Reached XP level 8. HP: 69/70 MP: 7/7
  4557 | D:6      | Found Acsypae's Lightly-Used Armoury.
  4662 | D:7      | Reached skill level 9 in Axes
  4680 | D:7      | Found Tudusk's Assorted Antiques.
  4686 | D:7      | Bought a scroll labelled OMINEH PUIS for 27 gold pieces
  5063 | D:7      | Reached skill level 10 in Axes
  5276 | D:7      | Noticed Menkaure
  5278 | D:7      | Reached skill level 1 in Evocations
  5288 | D:7      | Killed Menkaure
  5289 | D:7      | Reached skill level 1 in Stealth
  5368 | D:7      | Reached XP level 9. HP: 78/78 MP: 8/8
  5770 | D:8      | HP: 2/78 [wyvern (13)]
  5774 | D:8      | Slain by a wyvern

Illustrated notes

Levels and vault maps discovered:
D:1:      dpeg_arrival_another_circle, layout_loops_ring
D:2:      minmay_evil_eye, layout_loops_cross,
          ebering_ecumenical_altar_petrified, minmay_statues_item,
          uniq_crazy_yiuf_cottage
D:3:      layout_loops_ring, grunt_temple_overflow_open
D:4:      corexii_shack_village, layout_rooms, item_on_display_a
D:5:      layout_rooms, marbit_many_paths, minmay_temple_entry_stoned_glass,
          serial_shops, kennysheep_little_box, minmay_puff
D:6:      layout_basic, chequers_serial_rivers_room_a, minmay_shop_damaged
D:7:      layout_loops_corners, serial_shops,
          nicolae_shop_temple_entry_statues_fountains, uniq_menkaure
D:8:      layout_rooms, general_overflow_altar, minmay_lair_entry_grove,
          uniq_erica

Skill      XL: |  1  2  3  4  5  6  7  8 |
---------------+-------------------------+-----
Fighting       | 4 5 6 |  6.9
Axes           | 4 5 6 8 10 | 10.7
Armour         | 3 4 5 6 |  6.3
Dodging        | 3 4 |  4.6
Evocations     | 1 |  1.2
Stealth        | 1 |  1.3

Action                   |  1- 3 |  4- 6 |  7- 9 || total
-------------------------+-------+-------+-------++-------
Melee: Hand axe          |    49 |   140 |   115 ||   304
       Headbutt          |     6 |    20 |    34 ||    60
       War axe           |       |       |    42 ||    42
Invok: Berserk           |     1 |     3 |     2 ||     6
Evoke: Wand              |       |       |    12 ||    12
  Use: Scroll            |       |     4 |     2 ||     6
       Potion            |       |       |     9 ||     9
Armor: Animal skin       |     4 |       |       ||     4
       Ring mail         |     4 |    10 |       ||    14
       Scale mail        |       |    52 |    69 ||   121
Dodge: Dodged            |    36 |    87 |    85 ||   208

Table legend: (Time is in decaauts)
 A = Elapsed time spent in this place.
 B = Non-inter-level travel time spent in this place.
 C = Inter-level travel time spent in this place.
 D = Time resting spent in this place.
 E = Time spent auto-exploring this place.
 F = Levels seen in this place.
 G = Mean time per level.
                   A        B        C        D        E       F      G
               +--------+--------+--------+--------+--------+-----+--------+
         Total |   5789 |   5512 |    277 |   1093 |   3629 |   8 |  723.6 |
       Dungeon |   5789 |   5512 |    277 |   1093 |   3629 |   8 |  723.6 |
               +--------+--------+--------+--------+--------+-----+--------+

Top non-repeatable levels by time:
     D:5: 1165 daAuts
     D:3: 1140 daAuts
     D:7: 1114 daAuts
     D:1: 1049 daAuts
     D:4: 767 daAuts
     D:6: 504 daAuts
     D:2: 26 daAuts
     D:8: 20 daAuts
